 Dungeon Crawl Stone Soup version 0.29.1-15-g9cfb28693d (webtiles) character file.

Game seed: 17894407438355645081

4 Revguard the Sneak (level 1, 8/17 HPs)
             Began as a Draconian Brigand on Apr 3, 2023.
             Got out of the dungeon alive.
             The game lasted 00:02:02 (100 turns).

Revguard the Sneak (Draconian Brigand)               Turns: 100, Time: 00:02:02

Health: 8/17       AC:  5    Str: 13    XL:     1   Next: 58%
Magic:  1/1        EV: 11    Int: 11    God:
Gold:   0          SH:  0    Dex: 12    Spells: 0/0 levels left

rFire   . . .      SeeInvis .   a - +2 dagger
rCold   . . .      Faith    .   (no shield)
rNeg    . . .      Spirit   .   (body armour unavailable)
rPois   .          Reflect  .   (helmet restricted)
rElec   .          Harm     .   b - +0 cloak
rCorr   .          Rampage  .   (no gloves)
Will    .....                   (no boots)
Stlth   ++........              (no amulet)
HPRegen 0.05/turn               (no ring)
MPRegen 0.07/turn               (no ring)

@: no status effects
A: AC +4, unfitting armour, cold-blooded
a: no special abilities


You escaped.
You visited 1 branch of the dungeon, and saw 1 of its levels.

Inventory:

Hand Weapons
 a - a +2 dagger (weapon)
Missiles
 c - 9 poisoned darts (quivered)
 d - 3 curare-tipped darts
Armour
 b - a +0 cloak (worn)


   Skills:
 + Level 2.2 Fighting
 + Level 2.0 Short Blades
 + Level 1.8 Throwing
 + Level 1.0 Dodging
 + Level 3.6 Stealth
 + Level 0.2 Spellcasting


You couldn't memorise any spells.
You didn't know any spells.
Your spell library contained the following spells:

 Spells                   Type           Power      Damage    Failure   Level
 Blink                    Tloc           0%         N/A       47%         2
 Lesser Beckoning         Tloc           0%         N/A       71%         3
 Manifold Assault         Tloc           0%         N/A       100%        5


Dungeon Overview and Level Annotations

Branches:
Dungeon (1/15)

Altars:


Innate Abilities, Weirdness & Mutations

Your plain brown scales are hard. (AC +4)
You cannot fit into any form of body armour.
You are cold-blooded and may be slowed by cold attacks.


Message History

A frilled lizard comes into view.
The goblin hits you but does no damage.
You barely miss the goblin.
The goblin is severely wounded.
The goblin hits you with a +0 club.
You hit the goblin.
You kill the goblin!
A kobold comes into view. It is wielding a +0 whip.
The frilled lizard misses you.
The kobold shouts!
You hit the frilled lizard.
Your tail-slap misses the frilled lizard.
The frilled lizard is heavily wounded.
The frilled lizard bites you but does no damage.
You hit the frilled lizard.
You kill the frilled lizard!
You closely miss the kobold. Your punch misses the kobold.
The kobold hits you but does no damage.
You hit the kobold but do no damage. The kobold barely misses you.
You closely miss the kobold.
You tail-slap the kobold, but do no damage.
You barely miss the kobold. Your punch misses the kobold.
The kobold closely misses you.
You closely miss the kobold. The kobold barely misses you.
You hit the kobold.
Your tail-slap misses the kobold.
The kobold is heavily wounded.
The kobold hits you with a +0 whip.
You closely miss the kobold.
The kobold is heavily wounded.
The kobold hits you with a +0 whip.
You hit the kobold.
You kill the kobold!
Your Dodging skill increases to level 1!
You see here a +0 whip.
You open the door.
There is an open door here.
There is a staircase leading out of the dungeon here.
Unknown command.
Are you sure you want to leave the Dungeon?
This will make you lose the game!
You have escaped!

#..##..##..........#
##.....###.........#
###.....#.........#
##....##..#.#####
#.##.......#
#.##....#+## ..
#.####.##.###
...####.###..#♣.~P# .
#$...........'.@~P# ...
.#.........###♣.~P##...
.............##.###....
#..........##.#'#......
...........##..........
............#..........
.......................
.................>....#
.....##.#..............


There were no monsters in sight!

Vanquished Creatures
  A bat (D:1)
  A goblin (D:1)
  A kobold (D:1)
  A frilled lizard (D:1)
4 creatures vanquished.

Notes
Turn   | Place    | Note
-------+----------+-------------------------------------------
     0 | D:1      | Revguard the Draconian Brigand began the quest for the Orb.
     0 | D:1      | Reached XP level 1. HP: 17/17 MP: 1/1
    85 | D:1      | Reached skill level 1 in Dodging
   100 | D:$      | Got out of the dungeon alive.

Illustrated notes

Levels and vault maps discovered:
D:1:      tarquinn_simple_flora_water_e, layout_rooms,
          shapermc_ecumenical_altar_notcrosses, minmay_misc_feat_square

Skill      XL: |  1 |
---------------+----+-----
Dodging        | 1 |  1.0
Fighting       | |  2.2
Short Blades   | |  2.0
Throwing       | |  1.8
Stealth        | |  3.6
Spellcasting   | |  0.2

Action                   || total
-------------------------++-------
Melee: Dagger            ||    16
       Tailslap          ||     1
Armor: Skin              ||     3
Dodge: Dodged            ||     9
